 Dungeon Crawl Stone Soup version 0.17-a0-119-g2b06fc5 (webtiles) character file.

107 Pikaro the Slasher (level 4, -4/29 HPs)
             Began as a High Elf Skald on Mar 21, 2015.
             Killed by divine providence
             ... invoked by an orc priest
              (11 damage)
             ... on level 3 of the Dungeon.
             The game lasted 00:03:19 (2034 turns).

Pikaro the Slasher (High Elf Skald)                 Turns: 2034, Time: 00:03:19

Health: -4/29      AC:  7    Str: 12    XL:     4   Next: 57%
Magic:  11/11      EV: 10    Int: 15    God:
Gold:   57         SH:  0    Dex: 15    Spells: 1 memorised, 6 levels left

rFire  . . .     SeeInvis .     a - +0 falchion
rCold  . . .     Clarity  .     e - +0 ring mail
rNeg   . . .     SustAb   .     (no shield)
rPois  .         Gourm    .     (no helmet)
rElec  .         Spirit   .     (no cloak)
rCorr  .         Warding  .     l - +1 pair of gloves
rMut   .         Stasis   .     (no boots)
MR     .....                    (no amulet)
Stlth  +.........               (no ring)
                                (no ring)

@: not resistant to hostile enchantments, very unstealthy
A: no striking features
a: no special abilities


You were on level 3 of the Dungeon.
You were not hungry.

You visited 1 branch of the dungeon, and saw 3 of its levels.

You collected 57 gold pieces.

Inventory:

Hand weapons
 a - a +0 falchion (weapon)
 o - a +0 blowgun
   (You took it off a kobold on level 2 of the Dungeon)
Missiles
 s - 2 poisoned needles
Armour
 e - a +0 ring mail (worn)
   (You found it on level 1 of the Dungeon)
 l - a +1 pair of gloves (worn)
   (You found it on level 2 of the Dungeon)
Magical devices
 t - a wand of enslavement (8)
   (You found it on level 3 of the Dungeon)
Scrolls
 h - a scroll of enchant armour
 i - a scroll of remove curse
 k - a scroll of random uselessness {unknown}
 m - a scroll of identify {unknown}
 p - a scroll of magic mapping {unknown}
 q - a scroll of fog {unknown}
 r - a scroll of blinking {unknown}
Potions
 b - a potion of ambrosia {unknown}
 g - a potion of invisibility {unknown}
 j - a potion of curing {unknown}
 n - a potion of might {unknown}
Books
 c - a book of Battle
Comestibles
 d - a bread ration
 f - a royal jelly
 u - 3 chunks of flesh


   Skills:
 - Level 2.0 Fighting
 + Level 5.9 Long Blades
 - Level 0.8 Armour
 - Level 1.1 Dodging
 - Level 2.4 Spellcasting
 - Level 3.6 Charms


You had 6 spell levels left.
You knew the following spells:

 Your Spells              Type           Power        Failure   Level  Hunger
A - Infusion              Chrm           ##....       12%         1    #......


Dungeon Overview and Level Annotations

Branches:
Dungeon (3/15)

Altars:
Dithmenos


Message History

Total turns waited: 53 The kobold shouts!
The kobold completely misses you.
You hit the kobold but do no damage. The kobold hits you but does no damage.
You hit the kobold!
You kill the kobold!
No target in view! a dagger; a kobold corpse
(D) Dungeon
Where to? (Enter - D:3, ? - help)
There is a stone staircase leading down here.
You climb downwards.
There is a stone staircase leading up here.
Health restored: 29 The quokka is too close now for your liking.
You see here a meat ration.
The quokka bites you but does no damage.
You hit the quokka!
You kill the quokka!
The giant cockroach misses you.
You closely miss the giant cockroach.
The giant cockroach bites you but does no damage. x2
You hit the giant cockroach. The giant cockroach barely misses you.
You hit the giant cockroach.
You kill the giant cockroach!
No target in view!
There is a stone staircase leading up here.
You see here a poisoned needle.
s - a poisoned needle
s - 2 poisoned needles (gained 1)
t - a wand of enslavement The orc shouts!
The orc throws a tomahawk of dispersal.
The tomahawk of dispersal closely misses you.
The orc shouts! x2
The orc shouts!
The orc throws a tomahawk of dispersal.
The tomahawk of dispersal closely misses you.
The orc priest shouts!
The orc throws a tomahawk of dispersal.
The tomahawk of dispersal completely misses you.
The orc hits you. The orc hits you with a club. The orc hits you with a whip.
You see here a scroll labeled OKHLATS EVAE.
You take 7 damage, and have 22/29 hp.
MASSIVE DAMAGE!!
You closely miss the orc. The orc closely misses you.
The orc hits you with a whip. The orc hits you but does no damage.
You take 1 damage, and have 21/29 hp.
You hit the orc!
You kill the orc!
You hit the orc. The orc completely misses you.
You hit the orc but do no damage. The orc hits you with a whip.
You take 4 damage, and have 18/29 hp.
You barely miss the orc. You hit the orc. The orc hits you but does no damage.
You hit the orc.
You kill the orc!
The orc hits you but does no damage.
There is a stone staircase leading up here.
The orc hits you but does no damage.
You climb upwards.
There is a stone staircase leading down here.
You hit the orc!
You kill the orc!
No target in view!
Items here: )) [ † a club; a ring mail; an uncursed short sword; an orc corpse You butcher the orc corpse.
u - 4 chunks of flesh; a club; a ring mail; an uncursed short sword
Items here: club, ring mail, uncursed short sword You start resting.
An adder comes into view.
You regained 5 hp, and now have 24/29 hp.
Total turns waited: 60 The adder barely misses you.
You slash the adder!
You kill the adder!
No target in view!
No target in view!
You start resting.
Eating one of 4 chunks of flesh.
You continue eating. x2
Health restored: 29; Total turns waited: 45 a club; a ring mail; an uncursed short sword
There is a stone staircase leading down here.
You climb downwards.
The orc completely misses you.
The orc priest calls down the wrath of Beogh upon you.
Pain shoots through your body!
There is a stone staircase leading up here.
You take 3 damage, and have 26/29 hp.
You hit the orc.
The orc priest calls down the wrath of Beogh upon you.
Something smites you! The orc hits you with a flail!
* * * LOW HITPOINT WARNING * * *
You take 19 damage, and have 7/29 hp.
MASSIVE DAMAGE!!
You barely miss the orc.
The orc priest invokes the aid of Beogh against you.
Something smites you!
You die...

...+.....# #..............
. #.....# ####............
#.#...# #........#'#...
#.#######.....##...#...
#..........o.o.........
###.....#.#.............
#.....#.#....?........
#####....o#.#.......>#....
#........@#o#........#.
#.........#.#.....##....
###..........)#.....#
.....
#......##......##...# ...
#......+.......+..... .
#......#.......##.....
#....<...#.o.###....
#.........#.##
#........%#.#


You could see an orc priest and an orc.

Vanquished Creatures
  4 adders
  5 worms (D:2)
  A giant gecko (D:2)
  An ooze (D:1)
  3 orcs
  A ball python (D:1)
  3 giant cockroaches
  3 goblins
  3 hobgoblins (D:2)
  2 jackals (D:1)
  5 kobolds
  A quokka (D:3)
  2 bats (D:2)
  4 giant newts (D:2)
  8 rats
46 creatures vanquished.

Notes
Turn   | Place    | Note
--------------------------------------------------------------
     0 | D:1      | Pikaro, the High Elf Skald, began the quest for the Orb.
     0 | D:1      | Reached XP level 1. HP: 14/14 MP: 4/4
   195 | D:1      | Reached skill level 3 in Long Blades
   398 | D:1      | Reached XP level 2. HP: 19/19 MP: 6/6
   877 | D:2      | You fall through a shaft!
   887 | D:3      | Reached skill level 4 in Long Blades
   888 | D:3      | Reached XP level 3. HP: 24/24 MP: 8/8
  1459 | D:2      | Reached skill level 5 in Long Blades
  1581 | D:2      | Reached XP level 4. HP: 29/29 MP: 11/11
  1657 | D:2      | Found a shadowy altar of Dithmenos.
  2033 | D:3      | HP: 7/29 [orc/flail (8)]
  2034 | D:3      | Killed from afar by an orc priest

Action                   |  1- 3 |  4- 6 || total
-------------------------+-------+-------++-------
Melee: Falchion          |    84 |    34 ||   118
  Use: Scroll            |       |     2 ||     2
  Eat: Chunk             |     2 |     2 ||     4

Vault maps used:
D:1:      minmay_arrival_shattered_statue, minmay_door_square
D:2:      nicolae_dithmenos_through_a_glass_darkly, serial_bayou_pond_b
D:3:      nicolae_overflow_crystal_walls, lemuel_blue_sif_altar

Table legend:
 A = Turns spent in this place as a percentage of turns spent in the entire game.
 B = Non-inter-level travel turns spent in this place as a percentage of non-inter-level travel turns spent in the entire game.
 C = Inter-level travel turns spent in this place as a percentage of turns spent in this place.
 D = Turns resting spent in this place as a percentage of non-inter-level travel turns spent in this place.
 E = Turns spent auto-exploring this place as a percentage of non-inter-level travel turns spent in this place.
 F = Non-inter-level travel turns spent in this place divided by the number of levels of this place that you've seen.
                   A       B       C       D       E      F
               +-------+-------+-------+-------+-------+----------------------
         Total | 100.0 | 100.0 |   0.9 |   7.7 |  11.7 | 143.0
       Dungeon | 100.0 | 100.0 |   0.9 |   7.7 |  11.7 | 143.0
               +-------+-------+-------+-------+-------+----------------------

Table legend:
 A = Kills in this place as a percentage of kills in entire the game.
 B = Kills by you in this place as a percentage of kills by you in the entire game.
 C = Kills by friends in this place as a percentage of kills by friends in the entire game.
 D = Other kills in this place as a percentage of other kills in the entire game.
 E = Experience gained in this place as a percentage of experience gained in the entire game.
 F = Experience gained in this place divided by the number of levels of this place that you have seen.
                   A       B       C       D       E      F
               +-------+-------+-------+-------+-------+----------------------
         Total | 100.0 | 100.0 |  -nan |  -nan | 100.0 |  51.3
       Dungeon | 100.0 | 100.0 |  -nan |  -nan | 100.0 |  51.3
               +-------+-------+-------+-------+-------+----------------------
